Map: Ruins of Seras

Players

Dzécko - Winner!

  • Race: Zerg Zerg
  • League: Silver

lesha

  • Race: Terran Terran
  • League: Silver

VOD

Have the link to the VOD?

Description

Time

  • Played on: Dec. 22, 2015, 9:01 a.m.
  • Length: 4:37
Show
View Real Time Build Order
Export as new Build Order

Dzécko Zerg - Winner!

Build Orders: Hatch First 

Get SALT Encoding   

  12  0:01  Drone  
  13  0:12  Overlord  
  13  0:18  Drone  
  14  0:31  Drone x2  
  14  0:35  Drone  
  17  0:45  Drone  
  18  0:59  Hatchery  
  18  1:00  Drone  
  18  1:04  Extractor  
  17  1:09  Drone  
  18  1:20  Spawning Pool  
  17  1:45  Drone x3  
  20  1:55  Overlord  
  20  2:10  Baneling Nest, Zergling x2  
  20  2:15  Drone  
  21  2:16  Queen  
  21  2:19  Queen  
  21  2:20  Zergling x2  
  26  2:30  Evolution Chamber  
  26  2:31  Drone  
  26  2:37  Zergling x2  
  27  2:49  Zergling x2  
  28  2:53  Zergling x2  
  28  2:54  Zergling x4  
  31  3:10  Lair  
  31  3:12  Queen  
  33  3:13  Drone  
  34  3:34  Zergling x2  
  34  3:35  Zergling x2  
  34  3:37  Overlord  
  34  3:39  Overlord  
  36  3:49  Baneling  
  36  3:50  Baneling x3  
  36  3:51  Baneling  
Show
View Real Time Build Order
Export as new Build Order

lesha Terran 

Build Orders:  

Get SALT Encoding   

  12  0:01  SCV  
  13  0:13  SCV  
  14  0:19  Supply Depot  
  14  0:25  SCV  
  15  0:41  SCV  
  15  0:42  Barracks  
  16  0:47  Refinery  
  16  0:53  SCV  
  17  1:05  SCV  
  18  1:17  SCV  
  19  1:29  SCV  
  19  1:30  Reaper  
  21  1:45  Command Center, Orbital Command  
  21  2:06  Barracks  
  21  2:08  Supply Depot  
  21  2:25  SCV  
  22  2:33  Factory  
  22  2:37  SCV  
  23  2:54  SCV  
  23  2:57  Marine  
  25  3:00  Marine  
  25  3:04  Orbital Command  
  26  3:06  SCV  
  26  3:11  Refinery  
  27  3:18  SCV  
  28  3:27  Barracks Tech Lab  
  28  3:29  Factory Tech Lab  
  28  3:30  SCV  
  28  3:31  Starport  
  28  3:33  SCV  
  30  3:36  Barracks Tech Lab  
  30  3:42  SCV, Supply Depot x2  
  30  3:45  SCV  
  32  3:51  Barracks, Marauder  
  32  3:55  Widow Mine  
  34  3:58  Marine  
  37  4:06  SCV x2  
  37  4:07  Barracks  
  39  4:18  SCV x2  
Tags
 
Add a new tag
Caveats
  • Supply blocks, unpowered buildings, or Contaminate may cause inaccurate times.
  • Supply counts are checked every 10 seconds.